AoeStats
← christian

Black Forest

509708701Analyzed
2v2 RM · 4d ago on Sep 27, 2026· 55m 39s· 4 players
Game mode
Random Map
Map size
Medium (4 player)
Population
200
Speed
Normal
Resources
Standard
Victory
Conquest
Starting age
Dark Age
Ending age
Imperial Age
RankedLock teamsTeams togetherTeam positionsShared explorationLock speedFull tech treeHidden civsTurbo modeCheats
Victory
Defeat
🇩🇪 Japanese · Germany
1481
+14
🇨🇴 Mongols · Colombia
1455
+15
🇩🇪 Aztecs · Germany
1437
-15
🇩🇪 Teutons · Germany
1416
-14
le Julianchy
0:45 Loom
11:16 Feudal Age
15:46 Castle Age
13:57 Double-Bit Axe
14:42 Horse Collar
19:44 Bow Saw
20:49 Heavy Plow
24:23 Fletching
25:56 Wheelbarrow
25:46 Gold Mining
25:46 Stone Mining
26:35 Stone Mining
27:07 Bodkin Arrow
28:16 Gold Shaft Mining
28:47 Ballistics
28:43 Padded Archer Armor
29:31 Hand Cart
29:50 Leather Archer Armor
30:19 Masonry
34:12 Imperial Age
31:58 Bloodlines
31:49 Husbandry
32:11 Scale Barding Armor
33:27 Husbandry
34:01 Chain Barding Armor
33:52 Forging
33:55 Devotion
34:02 Town Watch
34:26 Light Cavalry
35:23 Bracer
37:20 Iron Casting
37:47 Conscription
38:42 Pikeman
43:39 Blast Furnace
44:12 Scale Mail Armor
45:15 Chemistry
48:51 Caravan
50:34 Hoardings
51:01 Stone Shaft Mining
52:16 Elite Mangudai
53:45 Chain Mail Armor
53:59 Murder Holes
53:27 Onager
55:05 Drill
54:16 Capped Ram
55:19 Siege Ram
PanicWaller
9:49 Loom
11:40 Feudal Age
15:14 Castle Age
13:27 Double-Bit Axe
14:24 Horse Collar
16:37 Loom
22:54 Fortified Wall
23:18 Guard Tower
23:37 Fletching
26:44 Ballistics
27:04 Bodkin Arrow
32:05 Stone Mining
32:05 Gold Mining
34:17 Wheelbarrow
38:37 Imperial Age
36:45 Yasama
37:08 Masonry
37:21 Gold Mining
40:19 Keep
40:11 Bracer
40:12 Padded Archer Armor
41:36 Conscription
42:32 Chemistry
42:14 Squires
41:59 Arson
41:38 Elite Skirmisher
42:40 Scale Mail Armor
43:39 Forging
43:35 Treadmill Crane
43:52 Murder Holes
44:36 Arson
46:20 Wheelbarrow
45:53 Pikeman
46:19 Gambesons
47:42 Bow Saw
47:59 Arrowslits
48:50 Hand Cart
48:11 Elite Samurai
49:06 Halberdier
51:33 Chain Mail Armor
51:53 Iron Casting
53:02 Plate Mail Armor
53:30 Caravan
54:00 Town Watch
54:54 Gold Shaft Mining
56:02 Blast Furnace
56:44 Two-Man Saw
Eisbader
1:24 Loom
2:27 Loom
12:27 Feudal Age
16:29 Castle Age
14:34 Horse Collar
16:09 Double-Bit Axe
21:40 Scale Barding Armor
21:36 Gold Mining
22:12 Bow Saw
24:51 Chain Barding Armor
24:42 Forging
25:38 Town Watch
28:47 Iron Casting
29:15 Town Patrol
29:53 Wheelbarrow
34:28 Imperial Age
32:14 Heavy Plow
33:41 Bloodlines
35:45 Plate Barding Armor
34:36 Cavalier
36:58 Blast Furnace
38:14 Hand Cart
40:27 Paladin
42:57 Coinage
46:53 Fletching
49:14 Crenellations
49:17 Conscription
49:11 Stone Mining
51:14 Onager
53:07 Caravan
53:19 Guilds
53:41 Siege Engineers
christian
1:08 Loom
12:01 Feudal Age
15:30 Castle Age
13:22 Double-Bit Axe
14:17 Horse Collar
14:49 Gold Mining
20:02 Sanctity
21:19 Redemption
24:25 Wheelbarrow
24:15 Fervor
25:32 Bow Saw
25:23 Stone Mining
28:13 Hand Cart
37:28 Imperial Age
36:05 Fletching
37:12 Eagle Warrior
37:38 Arson
37:54 Padded Archer Armor
37:55 Scale Mail Armor
38:06 Forging
39:31 Block Printing
40:24 Elite Eagle Warrior
41:05 Squires
42:17 Illumination
42:29 Theocracy
41:31 Pikeman
43:55 Town Watch
46:53 Chain Mail Armor
48:00 Padded Archer Armor
48:41 Bodkin Arrow
49:02 Leather Archer Armor
48:11 Elite Skirmisher
49:31 Ballistics
50:33 Bracer
51:38 Chemistry
50:03 Capped Ram
51:31 Siege Ram
53:13 Iron Casting
53:09 Plate Mail Armor
53:13 Conscription
53:52 Atlatl
55:39 Siege Engineers
Connection lost

Rejoining the realm…

Still unreachable

The connection could not be restored.

Session expired

The server has moved on; the page needs a fresh start.